 Dungeon Crawl Stone Soup version 0.27.1-1-g398f81649c (webtiles) character file.

Game seed: 17200121545800995535

8 Waffleater7 the Chiller (level 2, 0/19 HPs)
             Began as a Merfolk Ice Elementalist on Sept 14, 2021.
             Slain by an endoplasm (1 damage)
             ... on level 1 of the Dungeon.
             The game lasted 00:05:24 (571 turns).

Waffleater7 the Chiller (Merfolk Ice Elementalist)   Turns: 571, Time: 00:05:25

Health: 0/19       AC:  3    Str:  8    XL:     2   Next: 8%
Magic:  5/5        EV: 12    Int: 14    God:
Gold:   21         SH:  0    Dex: 14    Spells: 4/5 levels left

rFire    . . .     SeeInvis .   d - +0 club
rCold    . . .     Faith    .   (no shield)
rNeg     . . .     Spirit   .   b - +0 leather armour
rPois    .         Reflect  .   (no helmet)
rElec    .         Harm     .   (no cloak)
rCorr    .         Rampage  .   (no gloves)
Will     .....                  (no boots)
Stlth    ++........             (no amulet)
HPRegen  0.06/turn              (no ring)
MPRegen  0.09/turn              (no ring)

@: no status effects
A: (nimble swimmer 2), mertail
a: no special abilities


You were on level 1 of the Dungeon.
You visited 1 branch of the dungeon, and saw 1 of its levels.

You collected 21 gold pieces.

Inventory:

Hand Weapons
 d - a +0 club (weapon)
 f - a +0 club
 h - a +0 dagger
 i - a +0 dagger
Missiles
 g - 15 sling bullets
 j - 3 stones
Armour
 a - a +0 robe
 b - a +0 leather armour (worn)
 c - a +0 robe
 e - a +0 plate armour
Scrolls
 k - a scroll of enchant armour {unknown}


   Skills:
 + Level 0.1 Maces & Flails
 + Level 0.2 Armour
 + Level 2.6 Dodging
 + Level 2.1 Stealth
 + Level 2.0 Spellcasting
 + Level 4.8 Ice Magic


You had 4 spell levels left.
You knew the following spells:

 Your Spells              Type           Power      Damage    Failure   Level
a - Freeze                Ice            56%        1d7       4%          1

Your spell library contained the following spells:

 Spells                   Type           Power      Damage    Failure   Level
 Frozen Ramparts          Ice            28%        1d4       14%         3
 Ozocubu's Armour         Ice            14%        N/A       14%         3
 Hailstorm                Conj/Ice       8%         3d4       77%         4


Dungeon Overview and Level Annotations

Branches:
Dungeon (1/15)

Altars:


Innate Abilities, Weirdness & Mutations

((You are quick and stealthy near water. (Stealth+, EV+, Speed+++)))
Your lower body shifts to a powerful aquatic tail in water.


Message History

The bat hits you.
* * * LOW HITPOINT WARNING * * *
You hit the bat.
The bat is severely wounded.
The bat completely misses you. The bat barely misses you.
You barely miss the bat.
The bat is severely wounded.
The bat hits you but does no damage. The bat closely misses you.
You hit the bat.
You kill the bat!
You see here a bat corpse.
An endoplasm comes into view.
The endoplasm quivers.
Found 11 gold pieces.
The endoplasm jiggles.
You see here 11 gold pieces.
You now have 21 gold pieces (gained 11).
A giant cockroach comes into view.
Found a scroll labelled FOMEJY HODE.
A frilled lizard comes into view.
The frilled lizard hisses angrily.
A dart slug comes into view.
The giant cockroach bites you but does no damage.
The dart slug moves out of view.
The frilled lizard bites you. The endoplasm completely misses you.
You miss the frilled lizard. The frilled lizard barely misses you.
You hit the frilled lizard.
You kill the frilled lizard!
You hit the endoplasm.
The endoplasm is severely wounded.
The endoplasm misses you. The endoplasm freezes you.
You are frozen.
* * * LOW HITPOINT WARNING * * *
The endoplasm hits you.
* * * LOW HITPOINT WARNING * * *
The endoplasm hits you.
You die...

#######.....###.
#.........### .. #####
#.#####.### .. ##...## #.#
#...# . ##.....####.###.#.+
#.................#
#.......###.###.#.####
##.......###.# #.###..# #
#.........@..###.##...#####
#.##>..#.##J...............
#.###..#.##B####.#..≈≈≈≈≈≈P
#.###..#.##.###.....P......
#......#.#.#.##..##.≈.#.#.≈
#.###.##..###.#..##.≈.#.#.P
#.# #.##.# ##...##...# #.⌠
#.# #.###.###.#.....P.###P≈
#.###.## #.#.##.###.≈.....⌠


You could see an endoplasm and a giant cockroach.

Vanquished Creatures
  An endoplasm (D:1)
  2 goblins (D:1)
  A kobold (D:1)
  3 bats (D:1)
  A frilled lizard (D:1)
8 creatures vanquished.

Notes
Turn   | Place    | Note
-------+----------+-------------------------------------------
     0 | D:1      | Waffleater7 the Merfolk Ice Elementalist began the quest
                  | for the Orb.
     0 | D:1      | Reached XP level 1. HP: 13/13 MP: 3/3
   464 | D:1      | Reached XP level 2. HP: 7/19 MP: 5/5
   571 | D:1      | Slain by an endoplasm

Illustrated notes

Levels and vault maps discovered:
D:1:      nzn_arrival_depleted_hourglass, layout_loops_ring,
          shapermc_ecumenical_altar_acropolis, hangedman_abyss_or_decor_stabs

Action                   || total
-------------------------++-------
Melee: Unarmed           ||    32
       Club              ||    31
  Use: Potion            ||     1
 Stab: Sleeping          ||     2
Armor: Leather armour    ||    26
       Robe              ||     2
Dodge: Dodged            ||    55
